 Dungeon Crawl Stone Soup version 0.31-a0-229-g1fc7ce93e2 (webtiles) character file.

Game seed: 17200245550102624397

564 GormonGrimm the Conjurer (level 7, -2/50 HPs)
             Began as a Human Conjurer on July 6, 2023.
             Slain by a water moccasin (6 damage)
             ... on level 5 of the Dungeon.
             The game lasted 00:30:30 (4886 turns).

GormonGrimm the Conjurer (Human Conjurer)           Turns: 4886, Time: 00:30:31

Health: -2/50      AC:  3    Str:  7    XL:     7   Next: 58%
Magic:  4/13       EV: 13    Int: 26    God:
Gold:   211        SH:  0    Dex: 12    Spells: 7/14 levels left

rFire   . . .        l - staff of air
rCold   . . .        (no shield)
rNeg    . . .        a - +1 robe
rPois   .            (no helmet)
rElec   +            (no cloak)
rCorr   .            (no gloves)
SInv    .            (no boots)
Will    .....        (no amulet)
Stlth   ++           k - +6 ring of intelligence
HPRegen 0.28/turn    (no ring)
MPRegen 0.13/turn

%: no passive effects
@: lethally poisoned (-2 -> -20), very slightly contaminated
A: no striking features
a: no special abilities


You were on level 5 of the Dungeon.
You visited 1 branch of the dungeon, and saw 5 of its levels.

You collected 211 gold pieces.

Inventory:

Hand Weapons
 q - a +2 flail of freezing
 s - a +3 dagger of chaos
 B - a +1 dagger of venom
Missiles
 r - a boomerang
Armour
 a - a +1 robe (worn)
Magical Staves
 l - a staff of air (weapon)
Jewellery
 b - a ring of poison resistance
 g - a ring of protection from fire
 k - a +6 ring of intelligence (left hand)
Wands
 x - a wand of flame (28)
Scrolls
 h - 2 scrolls of teleportation
 m - 3 scrolls of identify
 o - 3 scrolls of amnesia
Potions
 c - a potion of brilliance {unknown}
 d - a potion of mutation {unknown}
 f - a potion of heal wounds {unknown}
 i - 2 potions of degeneration {unknown}
 j - a potion of cancellation {unknown}
 n - a potion of curing {unknown}
 z - a potion of haste {unknown}
 A - a potion of invisibility {unknown}


   Skills:
 + Level 2.0 Fighting
 + Level 0.5 Staves
 + Level 3.9 Dodging
 + Level 2.9 Stealth
 + Level 0.3 Unarmed Combat
 + Level 4.0 Spellcasting
 + Level 5.9 Conjurations


You had 7 spell levels left.
You knew the following spells:

 Your Spells              Type           Power      Damage    Failure   Level
a - Magic Dart            Conj           100%       1d8       1%          1
b - Searing Ray           Conj           72%        2d7       1%          2
c - Fulminant Prism       Conj/Hex       10%        3d9       26%         4

Your spell library contained the following spells:

 Spells                   Type           Power      Damage    Failure   Level
 Dazzling Flash           Conj/Hex       40%        N/A       8%          3
 Call Canine Familiar     Summ           5%         N/A       26%         3
 Portal Projectile        Hex/Tloc       10%        N/A       26%         3
 Iskenderun's Mystic Bla  Conj/Tloc      20%        2d6       26%         4
 Leda's Liquefaction      Hex/Erth       2%         N/A       63%         4


Dungeon Overview and Level Annotations

Branches:
Dungeon (5/15)
 Temple: D:4-7

Altars:
Gozag
Xom

Shops:
D:3 *[=[   D:4 ?


Message History

Confirm with . or Enter, or press ? or * to list all spells.
The spell is quite dangerous to miscast (26% risk of failure)!
Continue anyway?
Aiming: Fulminant Prism (quite dangerous; 26% risk of failure)
Press: ? - help, Dir - move target You miscast Fulminant Prism.
You are very lightly contaminated with residual magic.
A wave of violent energy washes through your body!
The water moccasin hisses angrily.
You feel your willpower return.
Casting: Fulminant Prism (quite dangerous; 26% risk of failure)
Confirm with . or Enter, or press ? or * to list all spells.
The spell is quite dangerous to miscast (26% risk of failure)!
Continue anyway?
Aiming: Fulminant Prism (quite dangerous; 26% risk of failure)
Press: ? - help, Dir - move target You miscast Fulminant Prism.
You feel a strange surge of energy.
The water moccasin attacks as you move away!
The water moccasin bites you! The water moccasin bites you!
The water moccasin attacks as you move away!
The water moccasin bites you but does no damage. x2
The water moccasin closely misses you.
The water moccasin attacks as you move away!
The water moccasin closely misses you.
The water moccasin attacks as you move away!
The water moccasin bites you but does no damage.
The water moccasin bites you.
The water moccasin attacks as you move away!
The water moccasin bites you.
You are poisoned.
The water moccasin poisons you!
You feel very sick.
The water moccasin attacks as you move away!
The water moccasin bites you!
* * * LOW HITPOINT WARNING * * *
You are lethally poisoned!
The water moccasin poisons you!
* * * LOW HITPOINT WARNING * * *
You feel very sick. The water moccasin bites you.
You die...

#..# #..# #..# #..#
###########..#
#............#
#.##########.# #S#
... #@######## ####
#.........
#.########
#.########
#.........
#.########
##.####.#########
................###.
...##........##.....


You could see a water moccasin.

Vanquished Creatures
  Grinder (D:3)
  3 crimson imps (D:3)
  2 hounds
  An iguana (D:4)
  Ijyb (D:4)
  A sleepcap (D:4)
  5 adders
  A worm (D:2)
  A dart slug (D:4)
  12 orcs
  3 bats
  5 endoplasms
  4 giant cockroaches
  2 goblins
  3 hobgoblins
  10 jackals
  4 kobolds
  4 quokkas
  6 ball pythons
  4 frilled lizards
  3 rats (D:3)
76 creatures vanquished.

Vanquished Creatures (others)
  2 fulminant prisms (D:5)
2 creatures vanquished.

Grand Total: 78 creatures vanquished

Notes
Turn   | Place    | Note
-------+----------+-------------------------------------------
     0 | D:1      | GormonGrimm the Human Conjurer began the quest for the Orb.
     0 | D:1      | Reached XP level 1. HP: 13/13 MP: 3/3
   477 | D:1      | Reached XP level 2. HP: 19/19 MP: 0/5
  1218 | D:1      | Learned a level 2 spell: Searing Ray
  1359 | D:2      | Reached XP level 3. HP: 21/24 MP: 0/6
  1504 | D:2      | Found a faded altar of an unknown god.
  2038 | D:3      | Reached XP level 4. HP: 30/30 MP: 2/7
  2117 | D:3      | Found Soelehoh's Assorted Antiques.
  2157 | D:3      | Reached skill level 5 in Conjurations
  2334 | D:3      | Found Rorof's Jewellery Emporium.
  2496 | D:3      | Found Folof's Armour Shoppe.
  2522 | D:3      | Found a shimmering altar of Xom.
  2534 | D:3      | Reached XP level 5. HP: 12/36 MP: 0/8
  2737 | D:3      | Reached skill level 1 in Fighting
  2846 | D:3      | Found an opulent altar of Gozag.
  3098 | D:3      | Reached XP level 6. HP: 35/43 MP: 2/10
  3208 | D:3      | Found Gautam's Armour Shoppe.
  3358 | D:3      | Noticed Grinder
  3372 | D:3      | Killed Grinder
  3373 | D:3      | Reached XP level 7. HP: 30/49 MP: 0/12
  3569 | D:4      | Noticed Ijyb
  3796 | D:4      | Found Okurigo's Magic Scroll Emporium.
  4004 | D:4      | Killed Ijyb
  4625 | D:4      | Learned a level 4 spell: Fulminant Prism
  4705 | D:5      | Entered Level 5 of the Dungeon
  4862 | D:5      | Noticed a water moccasin
  4886 | D:5      | Slain by a water moccasin

Illustrated notes

Levels and vault maps discovered:
D:1:      eino_arrival_cavern_d, layout_loops_ring
D:2:      layout_basic, basic_ecumenical_altar
D:3:      layout_loops_cross, led_xom_imps, grunt_gozag_statues, serial_shops,
          nicolae_shop_just_a_little_nook, nicolae_shop_just_a_little_nook,
          shop, nicolae_shop_stone, uniq_grinder
D:4:      layout_cave_pods, serial_shops, shop, uniq_ijyb
D:5:      layout_loops_ring, minmay_temple_entry_purple_smoke

Skill      XL: |  1  2  3  4  5  6  7 |
---------------+----------------------+-----
Conjurations   | 5 |  5.9
Fighting       | 1 2 |  2.0
Dodging        | 3 |  3.9
Spellcasting   | 3 4 |  4.0
Staves         | |  0.5
Stealth        | |  2.9
Unarmed Combat | |  0.3

Action                     |  1- 3 |  4- 6 |  7- 9 || total
---------------------------+-------+-------+-------++-------
  Melee: Unarmed           |    32 |       |       ||    32
         Staff             |       |    14 |     1 ||    15
   Cast: Magic Dart        |    70 |    24 |    39 ||   133
         Searing Ray       |       |    13 |     6 ||    19
         Fulminant Prism   |       |       |     2 ||     2
    Use: Potion            |     1 |       |       ||     1
         Scroll            |       |       |    10 ||    10
 Armour: Robe              |    18 |    16 |     7 ||    41
  Dodge: Dodged            |    64 |    44 |    18 ||   126

Table legend: (Time is in decaauts)
 A = Elapsed time spent in this place.
 B = Non-inter-level travel time spent in this place.
 C = Inter-level travel time spent in this place.
 D = Time resting spent in this place.
 E = Time spent auto-exploring this place.
 F = Levels seen in this place.
 G = Mean time per level.
                   A        B        C        D        E       F      G
               +--------+--------+--------+--------+--------+-----+--------+
         Total |   4886 |   4795 |     91 |   1924 |   1725 |   5 |  977.2 |
       Dungeon |   4886 |   4795 |     91 |   1924 |   1725 |   5 |  977.2 |
               +--------+--------+--------+--------+--------+-----+--------+

Top non-repeatable levels by time:
     D:3: 1513 daAuts
     D:1: 1324 daAuts
     D:4: 1160 daAuts
     D:2: 707 daAuts
     D:5: 180 daAuts
